 Dungeon Crawl Stone Soup version 0.29.0-4-gdea44cf6ec (webtiles) character file.

Game seed: 16560458643496053158

115 qw the Ruffian (level 5, 0/40 HPs)
             Began as a Ghoul Fire Elementalist on Aug 29, 2022.
             Slain by a quokka (1 damage)
             ... on level 2 of the Dungeon.
             The game lasted 00:02:05 (2828 turns).

qw the Ruffian (Ghoul Fire Elementalist)            Turns: 2828, Time: 00:02:05

Health: 0/40       AC: 16    Str: 14    XL:     5   Next: 0%
Magic:  6/6        EV:  0    Int: 10    God:
Gold:   99         SH:  5    Dex:  9    Spells: 6/7 levels left

rFire   . . .      SeeInvis .     - Unarmed
rCold   + + .      Faith    .   (no shield)
rNeg    + + +      Spirit   .   f - +0 crystal plate armour
rPois   inf        Reflect  +   (no helmet)
rElec   .          Harm     .   (no cloak)
rCorr   .          Rampage  .   c - +0 pair of gloves
Will    .....                   (no boots)
Stlth   ..........              g - amulet of reflection
HPRegen 0.00/turn               i - ring of protection from cold
MPRegen 0.10/turn               (no ring)

@: inhibited regen
A: claws 1, cold resistance 1, negative energy resistance 3, inhibited
regeneration, torment resistance 2, devour on kill
a: no special abilities


You were on level 2 of the Dungeon.
You visited 1 branch of the dungeon, and saw 2 of its levels.

You collected 99 gold pieces.


Innate Abilities, Weirdness & Mutations

You are immune to poison.
You have sharp fingernails.
Your flesh is cold resistant. (rC+)
You are immune to negative energy. (rN+++)
You do not regenerate when monsters are visible.
You are immune to unholy pain and torment.
You thrive by killing the living.


   Skills:
 - Level 1.2 Fighting
 - Level 1.9 Armour
 - Level 1.7 Dodging
 - Level 2.1 Stealth
 + Level 3.7 Unarmed Combat
 - Level 1.7 Spellcasting
 - Level 0.7 Conjurations
 - Level 2.4 Fire Magic


You had 6 spell levels left.
You knew the following spells:

 Your Spells              Type           Power      Damage    Failure   Level
a - Foxfire               Conj/Fire      16%        2x1d4     100%        1

Your spell library contained the following spells:

 Spells                   Type           Power      Damage    Failure   Level
 Scorch                   Fire           10%        2d6       100%        2
 Conjure Flame            Conj/Fire      4%         6-21      100%        3
 Inner Flame              Hex/Fire       3%         N/A       100%        3
 Flame Wave               Conj/Fire      4%         2d5       100%        4

Inventory:

Armour
 c - a +0 pair of gloves (worn)
 f - a +0 crystal plate armour (worn)
Jewellery
 g - an amulet of reflection (around neck)
 i - a ring of protection from cold (left hand)
Potions
 a - a potion of degeneration {unknown}
 j - a potion of cancellation {unknown}

Dungeon Overview and Level Annotations

Branches:
Dungeon (2/15)

Altars:

Shops:
D:1 [


Message History

The ogre shouts!
A quokka comes into view.
You hit the ogre.
The ogre is lightly wounded.
The ogre hits you with a +0 giant club!!
You hit the ogre.
The ogre is moderately wounded.
The ogre hits you with a +0 giant club!
You barely miss the ogre.
The ogre is moderately wounded.
The quokka bites you but does no damage.
You hit the ogre.
The ogre is heavily wounded.
The quokka bites you but does no damage.
The ogre hits you with a +0 giant club.
The quokka bites you but does no damage.
You closely miss the ogre.
The ogre is heavily wounded.
The ogre hits you but does no damage. You block the quokka's attack.
You hit the ogre but do no damage.
The ogre is heavily wounded.
The quokka bites you but does no damage.
You punch the ogre!
The ogre is severely wounded.
The ogre hits you with a +0 giant club.
The quokka bites you but does no damage.
You hit the ogre.
The ogre is severely wounded.
You block the quokka's attack. The ogre hits you but does no damage.
You completely miss the ogre.
The ogre is severely wounded.
The quokka bites you but does no damage.
You hit the ogre.
The ogre is severely wounded.
The quokka bites you but does no damage.
The ogre hits you but does no damage.
You hit the ogre.
The ogre is almost dead.
The quokka bites you.
You die...

#........# #.#.# ####
#........# ###...# #...
#...<....# ##....## #...
#.......<# #..##.## #...
#........# #.###..###...
#........# ##.# ##.......
#........# #..# #..##...
...####.O##
#.#####....... ....
#r@###.# #.%..#.... ##...
##.....###%####..##
#.........# ##..#
##.##.....####...## .
##..##%###......#[.#
..####..#...# #.....###.#
........#.### #.....###.#
........#.# #......##..
..........#####...##.###.


You could see an ogre and a quokka.

Vanquished Creatures
  A howler monkey (D:2)
  2 adders (D:2)
  2 worms (D:2)
  3 dart slugs (D:1)
  9 ball pythons
  4 bats (D:1)
  An endoplasm (D:2)
  2 giant cockroaches (D:1)
  2 goblins (D:1)
  6 hobgoblins
  4 quokkas
  3 frilled lizards
  2 kobolds (D:1)
  3 rats
44 creatures vanquished.

Vanquished Creatures (others)
  2 plants (D:2)
2 creatures vanquished.

Grand Total: 46 creatures vanquished

Notes
Turn   | Place    | Note
-------+----------+-------------------------------------------
     0 | D:1      | qw the Ghoul Fire Elementalist began the quest for the Orb.
     0 | D:1      | Reached XP level 1. HP: 14/14 MP: 2/2
     0 | D:1      | 0 ||| qw: Version: 0.1-a-90-g952f4b7
     0 | D:1      | 0 ||| qw: Game counter: 3713
     0 | D:1      | 0 ||| qw: Always use a shield: true
     0 | D:1      | 0 ||| qw: God list: Okawaru
     0 | D:1      | 0 ||| qw: Allow faded altars: false
     0 | D:1      | 0 ||| qw: Do Orc after D:15 true
     0 | D:1      | 0 ||| qw: Do second Lair branch before Depths: true
     0 | D:1      | 0 ||| qw: Lair rune preference: random
     0 | D:1      | 0 ||| qw: Plans: Normal
     0 | D:1      | 0 ||| PLANNING D:1-11
    48 | D:1      | Found a faded altar of an unknown god.
    88 | D:1      | 88 ||| Stepping ~*~*~tactically~*~*~ (stealth).
    90 | D:1      | 90 ||| Stepping ~*~*~tactically~*~*~ (stealth).
   189 | D:1      | 189 ||| Stepping ~*~*~tactically~*~*~ (outnumbered).
   191 | D:1      | 191 ||| Stepping ~*~*~tactically~*~*~ (outnumbered).
   192 | D:1      | 192 ||| Stepping ~*~*~tactically~*~*~ (outnumbered).
   193 | D:1      | 193 ||| Stepping ~*~*~tactically~*~*~ (outnumbered).
   195 | D:1      | Reached skill level 1 in Unarmed Combat
   198 | D:1      | HP: 3/14 [goblin/+0 club (1)]
   458 | D:1      | 458 ||| Stepping ~*~*~tactically~*~*~ (stealth).
   463 | D:1      | 463 ||| Stepping ~*~*~tactically~*~*~ (stealth).
   466 | D:1      | Reached skill level 1 in Fighting
   466 | D:1      | Reached XP level 2. HP: 23/23 MP: 3/3
   470 | D:1      | 470 ||| Stepping ~*~*~tactically~*~*~ (stealth).
   473 | D:1      | 473 ||| Stepping ~*~*~tactically~*~*~ (stealth).
   479 | D:1      | Found Sidugul's Armour Emporium.
   505 | D:1      | 505 ||| SHOPLISTING +0 buckler (45 gold, have 0).
   505 | D:1      | 505 ||| SHOPLISTING +0 helmet (45 gold, have 0).
   505 | D:1      | 505 ||| SHOPLISTING +1 pair of gloves (115 gold, have 0).
   612 | D:1      | 612 ||| Stepping ~*~*~tactically~*~*~ (stealth).
   746 | D:1      | 746 ||| Stepping ~*~*~tactically~*~*~ (hiding).
   749 | D:1      | Reached skill level 2 in Unarmed Combat
   836 | D:1      | 836 ||| Stepping ~*~*~tactically~*~*~ (hiding).
   938 | D:1      | 938 ||| Stepping ~*~*~tactically~*~*~ (hiding).
  1040 | D:1      | 1040 ||| Stepping ~*~*~tactically~*~*~ (hiding).
  1142 | D:1      | 1142 ||| Stepping ~*~*~tactically~*~*~ (hiding).
  1244 | D:1      | 1244 ||| Stepping ~*~*~tactically~*~*~ (hiding).
  1402 | D:1      | Reached XP level 3. HP: 25/28 MP: 4/4
  1964 | D:1      | 1964 ||| UPGRADING to +0 pair of gloves.
  1969 | D:1      | 1969 ||| UPGRADING to +0 scale mail.
  1979 | D:1      | 1979 ||| DROPPING +0 robe.
  1980 | D:1      | 1980 ||| UPGRADING to +0 crystal plate armour.
  1990 | D:1      | 1990 ||| DROPPING +0 scale mail.
  1991 | D:1      | 1991 ||| UPGRADING to amulet of reflection.
  1996 | D:1      | 1996 ||| UPGRADING to ring of protection from cold.
  1997 | D:1      | 1997 ||| READING scroll labelled XENAOFYOKES.
  1998 | D:1      | 1998 ||| READING scroll labelled SUUSING QOAKIN.
  1999 | D:1      | 1999 ||| DROPPING potion of magic.
  2043 | D:2      | Reached skill level 1 in Armour
  2043 | D:2      | Reached XP level 4. HP: 24/35 MP: 5/5
  2051 | D:2      | 2051 ||| STAIRDANCE
  2180 | D:2      | 2180 ||| STAIRDANCE
  2193 | D:2      | 2193 ||| STAIRDANCE
  2232 | D:2      | 2232 ||| STAIRDANCE
  2263 | D:2      | 2263 ||| STAIRDANCE
  2447 | D:2      | Reached skill level 3 in Unarmed Combat
  2532 | D:2      | 2532 ||| Stepping ~*~*~tactically~*~*~ (stealth).
  2664 | D:2      | 2664 ||| Stepping ~*~*~tactically~*~*~ (stealth).
  2683 | D:2      | 2683 ||| Stepping ~*~*~tactically~*~*~ (stealth).
  2685 | D:2      | 2685 ||| Stepping ~*~*~tactically~*~*~ (stealth).
  2686 | D:2      | 2686 ||| Stepping ~*~*~tactically~*~*~ (stealth).
  2692 | D:2      | 2692 ||| Stepping ~*~*~tactically~*~*~ (stealth).
  2695 | D:2      | 2695 ||| Stepping ~*~*~tactically~*~*~ (stealth).
  2771 | D:2      | 2771 ||| Stepping ~*~*~tactically~*~*~ (stealth).
  2807 | D:2      | Reached XP level 5. HP: 40/40 MP: 6/6
  2812 | D:2      | Noticed an ogre
  2819 | D:2      | HP: 9/40 [ogre/+0 giant club (12)]
  2821 | D:2      | HP: 3/40 [ogre/+0 giant club (6)]
  2824 | D:2      | HP: 1/40 [ogre/+0 giant club (2)]
  2828 | D:2      | Slain by a quokka

Levels and vault maps discovered:
D:1:      nicolae_arrival_memento_mori, layout_loops_cross, serial_shops,
          nicolae_shop_crystal, shapermc_ecumenical_altar_totnotflames,
          roderic_lattice_a, chequers_serial_rivers_marsh
D:2:      layout_rooms, minmay_shallow_snake_nest

Skill      XL: |  1  2  3  4 |
---------------+-------------+-----
Unarmed Combat | 1 2 3 |  3.7
Fighting       | 1 |  1.2
Armour         | 1 |  1.9
Dodging        | |  1.7
Stealth        | |  2.1
Spellcasting   | |  1.7
Conjurations   | |  0.7
Fire Magic     | |  2.4

Action                   |  1- 3 |  4- 6 || total
-------------------------+-------+-------++-------
Melee: Unarmed           |    97 |   113 ||   210
       Punch             |     4 |     2 ||     6
  Use: Scroll            |     2 |       ||     2
Armor: Robe              |     8 |       ||     8
       Crystal plate arm |    10 |    72 ||    82
Dodge: Dodged            |    55 |     2 ||    57
Block: Other             |     3 |    23 ||    26

Table legend:
 A = Non-vault XP
 B = Vault XP
 C = Vault XP percentage of total XP
 D = Non-vault monster count
 E = Vault monster count
 F = Vault count percentage of total count
                 A         B        C        D         E       F
            +---------+---------+-------+---------+---------+-------
      Total |     145 |      20 |  12.1 |      39 |       5 |  11.4
            +---------+---------+-------+---------+---------+-------
        D:1 |      53 |       0 |   0.0 |      26 |       0 |   0.0
        D:2 |      92 |      20 |  17.9 |      13 |       5 |  27.8
            +---------+---------+-------+---------+---------+-------
